 Dungeon Crawl Stone Soup version 0.18.1-50-g88ac8fd (webtiles) character file.

350 Gargoyl the Covered (level 6, -8/48 HPs)
             Began as a Demonspawn Abyssal Knight on Sept 15, 2016.
             Was an Elder of Lugonu.
             Mangled by a wight
             ... wielding a cursed +3 scimitar
              (15 damage)
             ... on level 5 of the Dungeon.
             The game lasted 00:10:27 (4457 turns).

Gargoyl the Covered (Demonspawn Abyssal Knight)     Turns: 4457, Time: 00:10:28

Health: -8/48      AC:  8    Str: 14    XL:     6   Next: 33%
Magic:  8/8        EV:  9    Int: 14    God:    Lugonu [****..]
Gold:   157        SH:  4    Dex: 12    Spells: 0 memorised, 5 levels left

rFire  + . .     SeeInvis .     f - +0 war axe
rCold  . . .     Gourm    .     p - +0 scale mail
rNeg   . . .     Faith    .     (no shield)
rPois  .         Spirit   .     (no helmet)
rElec  .         Dismiss  .     w - +0 cloak {+Inv}
rCorr  .         Reflect  +     (no gloves)
SustAt .         Harm     .     u - +0 pair of boots
MR     .....                    v - +4 amulet of reflection
Stlth  ..........               i - ring of protection from fire
                                g - ring of flight

@: very slightly contaminated, heavily drained, invisible, not resistant to
hostile enchantments, extremely unstealthy
A: hooves 1, rot immunity, sturdy frame 1
a: Depart the Abyss, Bend Space, Banish, Corrupt, Renounce Religion, Evoke
Flight


You were on level 5 of the Dungeon.
You worshipped Lugonu.
Lugonu was greatly pleased with you.
You were not hungry.

You visited 2 branches of the dungeon, and saw 6 of its levels.
You visited the Abyss 1 time.

You collected 157 gold pieces.

Inventory:

Hand Weapons
 f - a +0 war axe (weapon)
Missiles
 e - 7 tomahawks (quivered)
Armour
 p - a +0 scale mail (worn)
 u - a +0 pair of boots (worn)
 w - a +0 cloak of invisibility (worn)
Jewellery
 g - a ring of flight (left hand)
 i - a ring of protection from fire (right hand)
 v - a +4 amulet of reflection (around neck)
Scrolls
 b - a scroll of noise {unknown}
 d - a scroll of amnesia
 j - 4 scrolls of remove curse
 k - a scroll of magic mapping
 l - a scroll of identify
Comestibles
 c - 5 bread rations
 h - 3 beef jerkies
 s - 2 meat rations


   Skills:
 + Level 4.0(1.2) Fighting
 + Level 2.4(0.0) Axes
 * Level 4.6(1.7) Armour
 + Level 2.4(0.0) Dodging
 + Level 2.7(0.0) Invocations


You had 5 spell levels left.
You didn't know any spells.

Dungeon Overview and Level Annotations

Branches:
Dungeon (5/15)             Temple (1/1) D:4

Altars:
Cheibriados
Trog

Annotations:
D:4 imphell's ghost, novice FoAK


Innate Abilities, Weirdness & Mutations

You have large cloven feet.
You are immune to rotting.
Your movements are slightly less encumbered by armour (ER -2).


Message History

Imphell's ghost hits you!
* * * LOW HITPOINT WARNING * * *
You slide downwards.
The hatch slams shut behind you. 3 wights come into view.
Drink which item? (? for menu, Esc to quit)
It was a potion of invisibility.
You fade into invisibility!
You are very lightly contaminated with residual magic.
A giant newt comes into view.
The giant newt bites you but does no damage.
You hit the giant newt.
You kill the giant newt!
Lugonu accepts your kill.
You see here a giant newt corpse.
You closely miss the wight. The wight barely misses you.
You hit the wight but do no damage. The wight barely misses you.
You slash the wight!
The wight is heavily damaged.
The wight hits you with an enchanted scimitar!
You die...

#.# #z# #.# #z#
#.# #z# #.#
################.#
.......@zzz......#
##################


You could see 3 wights.

Vanquished Creatures
  2 orc priests
  5 orc wizards
  An adder (D:3)
  An ufetubus (Abyss:2)
  An ooze (D:2)
  6 dart slugs
  4 giant geckos
  16 orcs
  A ball python (D:1)
  10 bats
  8 giant cockroaches
  9 goblins
  9 hobgoblins
  12 jackals
  12 kobolds
  A ball python skeleton (D:4)
  2 giant newts
  9 rats
109 creatures vanquished.

Vanquished Creatures (others)
  5 toadstools (D:1)
5 creatures vanquished.

Grand Total: 114 creatures vanquished

Notes
Turn   | Place    | Note
--------------------------------------------------------------
     0 | Abyss:1  | Gargoyl the Demonspawn Abyssal Knight began the quest for the Orb.
     0 | Abyss:1  | Reached XP level 1. HP: 18/18 MP: 2/2
    90 | Abyss:2  | Noticed a spriggan
    91 | D:1      | Escaped the Abyss
   125 | D:1      | Gained mutation: You have large cloven feet. [demonic ancestry]
   125 | D:1      | Reached XP level 2. HP: 20/24 MP: 3/3
   145 | D:1      | Reached * piety under Lugonu
   475 | D:1      | Gained mutation: You are immune to rotting. [demonic ancestry]
   475 | D:1      | Reached XP level 3. HP: 17/29 MP: 4/4
   818 | D:1      | Reached skill level 1 in Dodging
  1246 | D:2      | Found a snail-covered altar of Cheibriados.
  1271 | D:2      | Reached ** piety under Lugonu
  1573 | D:2      | Reached XP level 4. HP: 34/37 MP: 6/6
  1627 | D:2      | Found a faded altar to an unknown god.
  1734 | D:2      | Found a bloodstained altar of Trog.
  1984 | D:3      | Gained mutation: Your movements are slightly less encumbered by armour (ER -2). [demonic ancestry]
  1984 | D:3      | Reached XP level 5. HP: 22/42 MP: 7/7
  2309 | D:3      | Reached *** piety under Lugonu
  3289 | D:4      | Noticed imphell's ghost (novice FoAK)
  3455 | D:4      | Found a staircase to the Ecumenical Temple.
  3711 | D:4      | Reached XP level 6. HP: 26/48 MP: 8/8
  3789 | Temple   | Entered the Ecumenical Temple
  4357 | D:4      | Reached **** piety under Lugonu
  4438 | D:5      | Entered Level 5 of the Dungeon
  4457 | D:5      | Mangled by a wight

Skill      XL: |  1  2  3  4  5 |
---------------+----------------+-----
Armour         | 2 3 4 |  4.6
Axes           | 2 |  2.4
Dodging        | 1 2 |  2.4
Fighting       | 4 |  4.0
Invocations    | |  2.7

Action                   |  1- 3 |  4- 6 || total
-------------------------+-------+-------++-------
Melee: Hand axe          |   134 |    83 ||   217
       Kick              |    23 |     1 ||    24
       War axe           |       |   139 ||   139
Throw: Tomahawk          |       |     2 ||     2
Invok: Depart the Abyss  |     1 |       ||     1
       Bend Space        |       |     1 ||     1
  Use: Scroll            |       |     9 ||     9
       Potion            |       |     7 ||     7
  Eat: Chunk             |     2 |     7 ||     9
       Bread ration      |       |     1 ||     1
Armor: Ring mail         |    42 |       ||    42
       Scale mail        |    15 |   167 ||   182
Dodge: Dodged            |    96 |   156 ||   252
Block: Other             |       |    45 ||    45
       Reflection        |       |     2 ||     2
